[Event "Titled Tuesday Blitz July 25 Early 2023"]
[White "Michalczak, Thomas"]
[Black "Ganiev, Roman"]
[WhiteFideId "4622634"]
[BlackFideId "4131452"]
[WhiteElo "2469"]
[BlackElo "2591"]
[Result "1-0"]
[Round "9"]
[TimeControl "180+2"]
[Date "2023.07.25"]
[WhiteClock "0:00:13"]
[BlackClock "0:00:02"]
[Board "111"]

1. e4 c5 2. c3 Nf6 3. e5 Nd5 4. Nf3 Nc6 5. d4 cxd4 6. Bc4 e6 7. cxd4 d6 8. O-O Be7 9. exd6 Qxd6 10. Nc3 O-O 11. Re1 Nxc3 12. bxc3 b6 13. Ng5 h6 14. Ne4 Qd8 15. Bd3 Bb7 16. Qh5 Nxd4 17. Bxh6 Nf5 18. Bxg7 Kxg7 19. Qg4+ Kh8 20. Qh5+ Kg8 21. Rad1 Qc7 22. Ng5 Bxg5 23. Bxf5 exf5 24. Qxg5+ Kh8 25. Qf6+ Kg8 26. Rd3 Rfe8 27. Qg5+ Kf8 28. Qh6+ Kg8 29. Rg3+ Qxg3 30. Rxe8+ Rxe8 31. hxg3 Be4 32. Qe3 Rc8 33. f3 Bd5 34. Qg5+ Kf8 35. Qxf5 Be6 36. Qf6 Rc5 37. g4 Ra5 38. a3 Rxa3 39. Qd8+ Kg7 40. Qd4+ Kg8 41. Qd8+ Kg7 42. Qg5+ Kf8 43. Qh6+ Ke8 44. Qh8+ Ke7 45. Qh4+ Ke8 46. Qh8+ Ke7 47. Qd4 Ra1+ 48. Kh2 Ra5 49. Qe4 Kf8 50. Qa8+ Kg7 51. Qd8 Rc5 52. Kg3 Rd5 53. Qb8 Rd7 54. Qe5+ Kg8 55. f4 Rd3+ 56. Kh4 Rd1 57. f5 Bd5 58. Kg5 Bxg2 59. Qe8+ Kg7 60. f6+ Kh7 61. Qxf7+ 1-0


[Site "https://www.chess.com"]

[Event "Titled Tuesday Blitz July 25 Early 2023"]
[White "Sadykov, Ramil"]
[Black "Luukkonen, Tommi"]
[WhiteFideId "24113590"]
[BlackFideId "501808"]
[WhiteElo "2558"]
[BlackElo "2467"]
[Result "0-1"]
[Round "9"]
[TimeControl "180+2"]
[Date "2023.07.25"]
[WhiteClock "0:00:08"]
[BlackClock "0:00:15"]
[Board "112"]

1. e4 e5 2. Nf3 Nc6 3. Bb5 Nf6 4. d3 Bc5 5. O-O Nd4 6. Nxd4 Bxd4 7. c3 Bb6 8. d4 Qe7 9. f4 exd4 10. e5 dxc3+ 11. Kh1 Ne4 12. Qf3 cxb2 13. Bxb2 Qb4 14. Qe2 h5 15. a3 h4 16. Rf3 Ng3+ 17. Rxg3 hxg3 18. h3 Qxf4 19. Nd2 Bf2 20. e6 c6 21. exf7+ Kxf7 22. Bd3 d5 23. Rf1 Bxh3 24. gxh3 Rxh3+ 0-1


[Site "https://www.chess.com"]

[Event "Titled Tuesday Blitz July 25 Early 2023"]
[White "Galiot, Goran"]
[Black "Erzhanov, Arman"]
[WhiteFideId "931560"]
[BlackFideId "4138821"]
[WhiteElo "2543"]
[BlackElo "2465"]
[Result "0-1"]
[Round "9"]
[TimeControl "180+2"]
[Date "2023.07.25"]
[WhiteClock "0:00:02"]
[BlackClock "0:00:18"]
[Board "113"]

1. d4 d6 2. c4 e5 3. d5 Be7 4. Nc3 Bg5 5. e4 Na6 6. Bd3 Nc5 7. Bc2 a5 8. Nge2 Bxc1 9. Qxc1 Nf6 10. O-O O-O 11. f3 Nh5 12. g4 Nf6 13. Ng3 h6 14. Qd2 Nh7 15. Kg2 Re8 16. Rh1 Nf8 17. Nce2 Ng6 18. Nf5 Qg5 19. Qxg5 hxg5 20. b3 Bd7 21. Kf2 Ra7 22. a3 Rea8 23. Ne3 Nh4 24. Nc1 g6 25. Nd3 Nxd3+ 26. Bxd3 b6 27. Nd1 Kg7 28. Nc3 f5 29. gxf5 gxf5 30. exf5 Bxf5 31. Be4 Rf8 32. Ke2 Bxe4 33. fxe4 Rf3 34. Rac1 Ra8 35. Rhf1 Raf8 36. b4 axb4 37. axb4 Rh3 38. Rxf8 Kxf8 39. Rf1+ Ke7 40. Nb5 Rxh2+ 41. Kd3 g4 42. Rg1 Rh3+ 43. Ke2 g3 44. Nxc7 Rh2+ 45. Ke3 g2 46. Na8 Rh3+ 47. Kf2 Rf3+ 48. Ke2 Rb3 49. Nxb6 Rxb4 50. Nc8+ Kd7 51. Na7 Rxc4 52. Nc6 Rxe4+ 53. Kf2 Rf4+ 54. Kg3 Nf5+ 55. Kxg2 Ne3+ 56. Kg3 Nxd5 57. Na5 Rb4 58. Rd1 Nc3 59. Rd3 Ne2+ 60. Kf2 Nd4 61. Ra3 d5 62. Ke3 Kd6 63. Kd3 Nb5 64. Ra1 e4+ 65. Ke3 Nc7 66. Ra3 Ne6 67. Nb3 Ke5 68. Ra6 Rxb3+ 69. Kd2 Nd4 0-1


[Site "https://www.chess.com"]

[Event "Titled Tuesday Blitz July 25 Early 2023"]
[White "Fiorito, Francisco"]
[Black "SmirnovAlexandrA"]
[WhiteFideId "180165"]
[WhiteElo "2537"]
[BlackElo "2464"]
[Result "0-1"]
[Round "9"]
[TimeControl "180+2"]
[Date "2023.07.25"]
[WhiteClock "0:01:23"]
[BlackClock "0:01:48"]
[Board "114"]

1. e4 c5 2. d3 Nc6 3. g3 g6 4. Bg2 Bg7 5. f4 d6 6. Nf3 Nf6 7. O-O O-O 8. c3 Rb8 9. a4 a6 10. Na3 b5 11. axb5 axb5 12. Re1 b4 13. Nc4 Be6 14. h3 Qc7 15. Ne3 Nh5 16. Kh2 bxc3 17. bxc3 Bxc3 18. Bd2 Bxa1 19. Qxa1 Qa7 20. Qc3 f6 21. f5 Bf7 22. g4 Nf4 23. Nf1 Nxg2 24. Kxg2 g5 25. h4 h6 26. hxg5 hxg5 27. Ng3 Rb3 28. Qc2 Rfb8 29. Rh1 Rb2 30. Qc1 Qa2 31. Ne2 Rb1 32. Qc3 Rxh1 33. Kxh1 Rb3 34. Nc1 Rxc3 35. Nxa2 Rxd3 36. Ne1 Rxd2 0-1


[Site "https://www.chess.com"]

[Event "Titled Tuesday Blitz July 25 Early 2023"]
[White "Akylbek2021"]
[Black "Terletsky, Oleg"]
[BlackFideId "14116774"]
[WhiteElo "2454"]
[BlackElo "2511"]
[Result "0-1"]
[Round "9"]
[TimeControl "180+2"]
[Date "2023.07.25"]
[WhiteClock "0:00:03"]
[BlackClock "0:00:29"]
[Board "115"]

1. e4 e5 2. Nf3 Nc6 3. Bb5 a6 4. Ba4 Nf6 5. O-O Be7 6. Re1 b5 7. Bb3 d6 8. c3 O-O 9. h3 Bb7 10. a4 Na5 11. Bc2 c5 12. d4 cxd4 13. cxd4 Qc7 14. axb5 axb5 15. Nc3 b4 16. dxe5 bxc3 17. exf6 Bxf6 18. b3 Nc6 19. Ba3 Rfd8 20. Qe2 Qb6 21. Red1 Nb4 22. Nh2 Ba6 23. Bd3 Nxd3 24. Rxd3 Bxd3 25. Qxd3 c2 0-1


[Site "https://www.chess.com"]

[Event "Titled Tuesday Blitz July 25 Early 2023"]
[White "Spaqi, Wilson"]
[Black "To, Nhat Minh"]
[WhiteFideId "2053888"]
[BlackFideId "729019"]
[WhiteElo "2439"]
[BlackElo "2507"]
[Result "0-1"]
[Round "9"]
[TimeControl "180+2"]
[Date "2023.07.25"]
[WhiteClock "0:00:10"]
[BlackClock "0:00:06"]
[Board "116"]

1. d4 Nf6 2. Bf4 d5 3. e3 c5 4. c3 Nc6 5. Nf3 Qb6 6. Qc2 Nh5 7. Bg3 Nxg3 8. hxg3 g6 9. Nbd2 Bg7 10. Bd3 O-O 11. O-O e5 12. dxe5 Nxe5 13. Nxe5 Bxe5 14. c4 Be6 15. Rab1 Bg7 16. cxd5 Bxd5 17. Bc4 Bc6 18. Rfd1 Qc7 19. Nf3 Rad8 20. b3 b6 21. Rxd8 Rxd8 22. Rd1 Bf6 23. Rxd8+ Qxd8 24. Qd2 Qxd2 25. Nxd2 b5 26. Bd3 a5 27. Be4 Bd7 28. Bd5 Kf8 29. f4 h5 30. Kf2 Bc3 31. Ne4 Bb4 32. Ke2 Ke7 33. Kd3 Bg4 34. Nf2 Bc8 35. Ne4 Bf5 36. Ke2 a4 37. Nf2 axb3 38. axb3 Be6 39. Bxe6 Kxe6 40. Kd3 f5 41. Ke2 Kd5 42. Nd3 Bc3 43. Nf2 c4 44. bxc4+ Kxc4 45. e4 fxe4 46. Nxe4 b4 47. Kd1 Kd3 48. Nd6 Ke3 49. f5 g5 50. Kc1 b3 51. Kb1 Kf2 52. Ne4+ Kxg2 53. Nxc3 h4 54. gxh4 gxh4 55. f6 h3 56. Ne2 h2 57. Nf4+ Kf3 58. f7 h1=Q+ 59. Kb2 Qh8+ 60. Kxb3 Kxf4 0-1


[Site "https://www.chess.com"]

[Event "Titled Tuesday Blitz July 25 Early 2023"]
[White "Womacka, Mathias"]
[Black "Krzywda, Andrzej"]
[WhiteFideId "4611390"]
[BlackFideId "1114565"]
[WhiteElo "2503"]
[BlackElo "2431"]
[Result "1-0"]
[Round "9"]
[TimeControl "180+2"]
[Date "2023.07.25"]
[WhiteClock "0:00:37"]
[BlackClock "0:00:08"]
[Board "117"]

1. e4 e5 2. Nf3 Nf6 3. Nxe5 d6 4. Nf3 Nxe4 5. d4 d5 6. Bd3 Be7 7. O-O Bf5 8. Nc3 Nxc3 9. bxc3 Bxd3 10. Qxd3 O-O 11. Bf4 Nd7 12. c4 Nb6 13. c5 Nc4 14. Ne5 Nxe5 15. Bxe5 b6 16. Qb5 bxc5 17. dxc5 Bf6 18. Rfe1 Bxe5 19. Rxe5 Qf6 20. Rae1 c6 21. Qa6 Qg6 22. Qd3 Rfd8 23. Re7 Kf8 24. Qxg6 hxg6 25. Rc7 Re8 26. Kf1 Rxe1+ 27. Kxe1 Re8+ 28. Kd2 Re6 29. Rxa7 g5 30. h3 g6 31. Rc7 Kg7 32. a4 Re4 33. Rxc6 Rxa4 34. Rd6 d4 35. Kd3 Kf8 36. Rxd4 Ra1 37. c6 Ke8 38. c7 Ra8 39. Rd8+ Rxd8+ 40. cxd8=Q+ Kxd8 41. Kd4 Kd7 42. Ke5 Ke7 43. c4 Kd7 44. Kf6 1-0


[Site "https://www.chess.com"]

[Event "Titled Tuesday Blitz July 25 Early 2023"]
[White "Shturman, Arseniy"]
[Black "Ionescu, Mihai"]
[WhiteFideId "34275797"]
[BlackFideId "1202499"]
[WhiteElo "2494"]
[BlackElo "2427"]
[Result "1-0"]
[Round "9"]
[TimeControl "180+2"]
[Date "2023.07.25"]
[WhiteClock "0:01:23"]
[BlackClock "0:01:24"]
[Board "118"]

1. e4 c5 2. Nf3 d6 3. d4 cxd4 4. Nxd4 Nf6 5. Nc3 g6 6. Be3 Bg7 7. f3 Nc6 8. Qd2 O-O 9. O-O-O d5 10. exd5 Nxd5 11. Nxc6 bxc6 12. Bd4 e5 13. Bc5 Be6 14. Ne4 Re8 15. h4 h6 16. h5 g5 17. g4 Qc7 18. Bc4 Rad8 19. Qf2 Nf4 20. Bxe6 Nxe6 21. Rxd8 Rxd8 22. Rd1 Rxd1+ 23. Kxd1 Qd7+ 24. Qd2 Qxd2+ 25. Kxd2 Nxc5 26. Nxc5 Bf8 27. Ne4 Be7 28. Kd3 Kf8 29. Kc4 Ke8 30. b4 Kd7 31. a4 Ke6 32. Ng3 Bd8 33. Nf5 Bb6 34. Nxh6 1-0


[Site "https://www.chess.com"]

[Event "Titled Tuesday Blitz July 25 Early 2023"]
[White "Mei, Austin"]
[Black "Bristy Mukherjee"]
[WhiteFideId "30948479"]
[BlackFideId "25077325"]
[WhiteElo "2484"]
[BlackElo "2415"]
[Result "1/2-1/2"]
[Round "9"]
[TimeControl "180+2"]
[Date "2023.07.25"]
[WhiteClock "0:00:07"]
[BlackClock "0:00:16"]
[Board "119"]

1. e4 Nc6 2. Nf3 e5 3. Bc4 Nf6 4. Ng5 d5 5. exd5 Nd4 6. c3 b5 7. Bf1 Nxd5 8. cxd4 Qxg5 9. Bxb5+ Kd8 10. O-O Bb7 11. Qf3 Rb8 12. dxe5 Nf4 13. Qg3 Qxe5 14. d4 Ne2+ 15. Bxe2 Qxe2 16. Nc3 Qc4 17. Bf4 f6 18. Rac1 g5 19. Nb5 gxf4 20. Qxf4 Qf7 21. Rxc7 Qg6 22. f3 a6 23. Rg7 Qxg7 24. Qxb8+ Bc8 25. Qb6+ Ke8 26. Re1+ Kf7 27. Nc7 h5 28. Qb3+ Kg6 29. Qd3+ Kh6 30. h4 Bd6 31. Qe3+ Kh7 32. Nd5 Rg8 33. Re2 Qg6 34. Nf4 Bxf4 35. Qxf4 Rg7 36. Kf1 Bf5 37. Ke1 Bd3 38. Rf2 Bb1 39. Rd2 Re7+ 40. Kf2 Bf5 41. d5 Qe8 42. d6 Re5 43. d7 Bxd7 44. Qd4 Qe7 45. Qxd7 Kg6 46. Qxe7 Rxe7 47. Rd4 Rb7 48. Ra4 Rxb2+ 49. Kg3 Rb6 50. Ra5 Rc6 51. Ra4 Rb6 52. Kf4 Re6 53. g4 Rd6 54. Ra5 hxg4 55. h5+ Kh6 56. fxg4 Rb6 57. Kf5 Rc6 58. Rd5 Rb6 59. a4 Rc6 60. a5 Kh7 61. g5 fxg5 62. Kxg5 Kg7 63. Rd7+ Kg8 64. h6 Rc5+ 65. Kg6 Rc6+ 66. Kg5 Rc5+ 67. Kf4 Rxa5 68. Ra7 Ra1 69. Kf5 Kh8 70. Kg6 Rg1+ 71. Kf6 Ra1 72. h7 Rf1+ 73. Kg6 Rg1+ 74. Kh6 Rh1+ 75. Kg6 Rg1+ 76. Kf5 Ra1 77. Kg5 Rg1+ 78. Kh6 Rh1+ 79. Kg6 Rg1+ 1/2-1/2


[Site "https://www.chess.com"]

[Event "Titled Tuesday Blitz July 25 Early 2023"]
[White "marik_spb"]
[Black "Iljin, Timofey"]
[BlackFideId "14110180"]
[WhiteElo "2483"]
[BlackElo "2406"]
[Result "0-1"]
[Round "9"]
[TimeControl "180+2"]
[Date "2023.07.25"]
[WhiteClock "0:00:01"]
[BlackClock "0:01:09"]
[Board "120"]

1. d4 f5 2. c4 Nf6 3. Nc3 g6 4. h4 Bg7 5. Bf4 O-O 6. e3 d6 7. Nf3 Qe8 8. Be2 Nc6 9. d5 Nb8 10. Nd4 h6 11. Qb3 Na6 12. Qb5 Qxb5 13. Ncxb5 Bd7 14. O-O c6 15. Nc3 Nc5 16. Rac1 a5 17. b3 Rac8 18. Rfd1 Nce4 19. Nxe4 Nxe4 20. f3 Nc5 21. dxc6 bxc6 22. Bg3 Rfd8 23. Bf2 e5 24. Nc2 Be6 25. e4 fxe4 26. Bxc5 exf3 27. Rd2 fxe2 28. Bxd6 h5 29. Kf2 Bh6 30. Ne3 Bg4 31. Rd3 Rxd6 32. Rxd6 Rf8+ 33. Kg3 Bf4+ 34. Kf2 Bh6+ 35. Ke1 Bxe3 36. Rxg6+ Kh7 37. Rxg4 hxg4 38. Rc3 Bd4 39. Rd3 Rf1+ 40. Kxe2 Rf2+ 41. Ke1 Rxg2 42. a3 g3 43. b4 axb4 44. axb4 Rb2 45. Rxg3 Bf2+ 46. Kd1 Bxg3 0-1


[Site "https://www.chess.com"]

[Event "Titled Tuesday Blitz July 25 Early 2023"]
[White "LangesNasenhaar"]
[Black "Tobak, Mikhail"]
[BlackFideId "14165570"]
[WhiteElo "2482"]
[BlackElo "2405"]
[Result "0-1"]
[Round "9"]
[TimeControl "180+2"]
[Date "2023.07.25"]
[WhiteClock "0:00:03"]
[BlackClock "0:01:33"]
[Board "121"]

1. d4 Nf6 2. Nc3 e6 3. Bf4 c5 4. d5 d6 5. e4 e5 6. Bg5 Be7 7. Nf3 h6 8. Bd2 O-O 9. h3 a6 10. a4 Nh7 11. g4 Ng5 12. Ng1 Nd7 13. Bc4 Nf6 14. Qe2 Rb8 15. Bxg5 hxg5 16. Nf3 Nh7 17. Qd3 Bd7 18. a5 g6 19. Qd2 Kg7 20. Ke2 Rh8 21. Na4 f5 22. gxf5 gxf5 23. exf5 e4 24. Nh2 Bxf5 25. Ng4 Qf8 26. Qe3 Nf6 27. Qxg5+ Bg6 28. Qe3 Nxg4 29. hxg4 Qf6 30. c3 Rbf8 31. Nb6 Qf3+ 32. Qxf3 exf3+ 33. Kd2 Bg5+ 0-1


[Site "https://www.chess.com"]

[Event "Titled Tuesday Blitz July 25 Early 2023"]
[White "Onufrienko, Vladislav"]
[Black "Topalov, Aleksandar"]
[WhiteFideId "13804332"]
[BlackFideId "925659"]
[WhiteElo "2481"]
[BlackElo "2376"]
[Result "1-0"]
[Round "9"]
[TimeControl "180+2"]
[Date "2023.07.25"]
[WhiteClock "0:00:12"]
[BlackClock "0:00:08"]
[Board "122"]

1. g4 d5 2. Bg2 c6 3. c4 dxc4 4. g5 e5 5. h4 h6 6. d3 cxd3 7. Nc3 Bf5 8. Qb3 Qb6 9. Qa4 dxe2 10. Ngxe2 Bc5 11. Rf1 hxg5 12. Bxg5 Ne7 13. O-O-O f6 14. Ng3 Be6 15. Bd2 Nd7 16. Nge4 Nd5 17. Qc2 Nxc3 18. Bxc3 O-O-O 19. Kb1 Nb8 20. Rde1 Bd4 21. f4 Na6 22. fxe5 fxe5 23. Ng5 Bc4 24. Rf7 Bxf7 25. Nxf7 Nb4 26. Qf5+ Kb8 27. Bxd4 exd4 28. Nxh8 Rxh8 29. Qe5+ Kc8 30. Bh3+ Kd8 31. Qd6# 1-0


[Site "https://www.chess.com"]

[Event "Titled Tuesday Blitz July 25 Early 2023"]
[White "Papayan, Oleg"]
[Black "Tikhonov, Viacheslav"]
[WhiteFideId "4193911"]
[BlackFideId "44196407"]
[WhiteElo "2472"]
[BlackElo "2478"]
[Result "1-0"]
[Round "9"]
[TimeControl "180+2"]
[Date "2023.07.25"]
[WhiteClock "0:00:06"]
[BlackClock "0:00:00"]
[Board "123"]

1. e4 c5 2. d4 cxd4 3. Qxd4 Nc6 4. Qd3 g6 5. Nc3 Bg7 6. Nf3 d6 7. Be2 Nf6 8. O-O O-O 9. Nd5 Nd7 10. c3 Nc5 11. Qc2 b6 12. Bg5 Ne6 13. Bh4 Re8 14. Rad1 Bb7 15. Rfe1 a6 16. Qb3 b5 17. Bg3 Qa5 18. a3 Nc5 19. Qc2 Ne6 20. b4 Qd8 21. e5 Kh8 22. exd6 exd6 23. a4 bxa4 24. Qxa4 h6 25. Qb3 a5 26. Ne3 axb4 27. cxb4 Ncd4 28. Nxd4 Bxd4 29. Nc2 Qb6 30. Bc4 d5 31. Bxd5 Bxd5 32. Qxd5 Rad8 33. Be5+ Bxe5 34. Qxe5+ Kg8 35. b5 Rxd1 36. Rxd1 Rc8 37. Ne3 Qb8 38. Qb2 Rc5 39. b6 Qb7 40. Qb4 Rc6 41. Nd5 Rc5 42. Nf6+ Kg7 43. Nd7 Qxd7 44. Qb2+ Nd4 45. b7 1-0


[Site "https://www.chess.com"]

[Event "Titled Tuesday Blitz July 25 Early 2023"]
[White "Putri, Regita Desyari"]
[Black "Feliz Dotel, Dewar Bienvenido"]
[WhiteFideId "7109083"]
[BlackFideId "6402801"]
[WhiteElo "2233"]
[BlackElo "2103"]
[Result "1-0"]
[Round "9"]
[TimeControl "180+2"]
[Date "2023.07.25"]
[WhiteClock "0:00:40"]
[BlackClock "0:00:00"]
[Board "124"]

1. e4 e5 2. Nf3 Nc6 3. Bb5 Nf6 4. O-O Nxe4 5. Re1 Nd6 6. Nxe5 Be7 7. Bf1 Nxe5 8. Rxe5 O-O 9. d4 Ne8 10. Re1 d5 11. Bf4 Bd6 12. Be5 Bxe5 13. dxe5 Bf5 14. Nd2 c6 15. c4 Nc7 16. Qb3 Qc8 17. cxd5 Nxd5 18. Nc4 b6 19. Nd6 Qd7 20. Rac1 Be6 21. Qc2 c5 22. a3 Ne7 23. Bd3 Ng6 24. g3 c4 25. Nxc4 Rac8 26. Qe2 Bxc4 27. Bxc4 Rfe8 28. e6 fxe6 29. Bxe6+ Rxe6 30. Rxc8+ Qxc8 31. Qxe6+ Qxe6 32. Rxe6 Kf7 33. Rc6 Ne7 34. Rc7 a5 35. Rb7 a4 36. Rxb6 Nd5 37. Rb5 Ke6 38. Ra5 1-0


[Site "https://www.chess.com"]

[Event "Titled Tuesday Blitz July 25 Early 2023"]
[White "Guerra Tulcan, Lenin"]
[Black "Zacurdajev, Dmitry"]
[WhiteFideId "3601382"]
[BlackFideId "4196309"]
[WhiteElo "2579"]
[BlackElo "2410"]
[Result "1-0"]
[Round "9"]
[TimeControl "180+2"]
[Date "2023.07.25"]
[WhiteClock "0:00:44"]
[BlackClock "0:00:00"]
[Board "125"]

1. e4 c6 2. Nf3 d5 3. exd5 cxd5 4. Ne5 Nf6 5. Bb5+ Bd7 6. Qe2 a6 7. Bxd7+ Nbxd7 8. Nxd7 Qxd7 9. O-O e6 10. b3 Be7 11. Bb2 Rc8 12. d3 O-O 13. c4 Rfd8 14. Qf3 Ne8 15. Nd2 Bf6 16. Bxf6 Nxf6 17. Rfd1 b5 18. h3 h6 19. Nf1 a5 20. Ne3 a4 21. Rac1 axb3 22. axb3 d4 23. Nc2 Ra8 24. Ra1 Rxa1 25. Rxa1 bxc4 26. bxc4 Qc7 27. Ra8 e5 28. Nb4 Rxa8 29. Qxa8+ Kh7 30. Nd5 Nxd5 31. Qxd5 f6 32. c5 Qa5 33. Kh2 Qd2 34. Qe4+ Kg8 35. c6 Qc2 36. Kg3 Kf8 37. f3 Ke7 38. Qd5 Qc1 39. Qd7+ Kf8 40. Qd8+ Kf7 41. Qd5+ Ke7 42. Qd7+ Kf8 43. Qd6+ Kf7 44. c7 Qf4+ 45. Kf2 Qe3+ 46. Kf1 Qxd3+ 47. Ke1 Qc3+ 48. Kd1 Qd3+ 49. Kc1 Qc3+ 50. Kb1 Qb3+ 51. Ka1 Qc3+ 52. Ka2 Qc2+ 53. Ka3 Qc3+ 54. Ka4 Qc4+ 55. Ka5 Qa2+ 56. Kb6 Qb3+ 57. Kc6 Qa4+ 58. Kb7 Qb5+ 59. Qb6 Qd5+ 60. Kb8 1-0


[Site "https://www.chess.com"]

[Event "Titled Tuesday Blitz July 25 Early 2023"]
[White "Al Mukhaini, Shima"]
[Black "NicolaiMaxime"]
[WhiteFideId "22005854"]
[WhiteElo "2406"]
[BlackElo "2579"]
[Result "0-1"]
[Round "9"]
[TimeControl "180+2"]
[Date "2023.07.25"]
[WhiteClock "0:00:00"]
[BlackClock "0:00:17"]
[Board "126"]

1. b3 e5 2. Bb2 Nc6 3. e3 Bc5 4. d4 exd4 5. exd4 Qe7+ 6. Be2 Bb6 7. Nf3 Nf6 8. d5 Nb4 9. c4 O-O 10. a3 Na6 11. b4 d6 12. O-O c6 13. dxc6 bxc6 14. Nc3 Nc7 15. Re1 Be6 16. h3 h6 17. Nd4 c5 18. Nxe6 Nxe6 19. Bf3 Rae8 20. Bc6 Rc8 21. Nd5 Nxd5 22. cxd5 cxb4 23. axb4 Qh4 24. Qd2 Nf4 25. Ra3 Qg5 26. Qxf4 Qxf4 27. Rf3 Qd2 28. Bc3 Qg5 29. Re4 h5 30. Kh2 Qg6 31. Rg3 Qh6 32. Re7 f6 33. Bd2 Qh7 34. Rf3 Rf7 35. Re6 Qg6 36. b5 Bd4 37. g3 Be5 38. Kg2 h4 39. g4 Qe4 40. Be3 f5 0-1


[Site "https://www.chess.com"]

[Event "Titled Tuesday Blitz July 25 Early 2023"]
[White "Kochiev, Ivan"]
[Black "Rios Escobar, Adan"]
[WhiteFideId "2917890"]
[BlackFideId "3403645"]
[WhiteElo "2530"]
[BlackElo "2402"]
[Result "0-1"]
[Round "9"]
[TimeControl "180+2"]
[Date "2023.07.25"]
[WhiteClock "0:00:01"]
[BlackClock "0:01:18"]
[Board "127"]

1. e4 c5 2. Nf3 d6 3. d4 cxd4 4. Nxd4 Nf6 5. f3 e5 6. Nb3 a5 7. a4 d5 8. Bg5 d4 9. c3 Nc6 10. Bb5 h6 11. Bxf6 Qxf6 12. cxd4 Bb4+ 13. Nc3 Qh4+ 14. g3 Qh3 15. Qe2 O-O 16. Bxc6 bxc6 17. Kf2 Ba6 18. Qe3 exd4 19. Nxd4 Bc5 20. Rad1 Rfd8 21. e5 Rab8 22. b3 Rb4 23. Nce2 Bxe2 24. Kxe2 Rbxd4 25. Rxd4 Bxd4 26. Qd2 Qg2+ 27. Kd1 0-1


[Site "https://www.chess.com"]

[Event "Titled Tuesday Blitz July 25 Early 2023"]
[White "Hoffmann, Asa"]
[Black "Gontcharov, Vladislav"]
[WhiteFideId "2001470"]
[BlackFideId "4123492"]
[WhiteElo "2398"]
[BlackElo "2511"]
[Result "0-1"]
[Round "9"]
[TimeControl "180+2"]
[Date "2023.07.25"]
[WhiteClock "0:00:05"]
[BlackClock "0:00:21"]
[Board "128"]

1. d4 Nf6 2. Bg5 e6 3. Nd2 d5 4. e3 c5 5. c3 h6 6. Bh4 Be7 7. Bd3 Nc6 8. f4 g5 9. fxg5 Ng8 10. Ngf3 hxg5 11. Bg3 f5 12. Qe2 c4 13. Bc2 b5 14. a3 Bb7 15. Ne5 Nf6 16. Ng6 Rh6 17. Nxe7 Qxe7 18. O-O-O Kd7 19. h3 a5 20. Nb1 b4 21. Ba4 Kc8 22. Bxc6 Bxc6 23. h4 Ne4 24. Be5 gxh4 25. Rdf1 Kb7 26. Bf4 Rh7 27. Qe1 Rg8 28. Rh2 bxa3 29. Nxa3 Ba4 30. Rfh1 Rg4 31. Qe2 Qg7 32. Nxc4 dxc4 33. Qxc4 Qd7 34. Be5 Bb5 35. Qb3 Qc6 36. Rd1 Qc4 37. Qc2 Ba4 38. b3 Bxb3 39. Qb2 Ka6 40. Kb1 Rb7 0-1


[Site "https://www.chess.com"]

[Event "Titled Tuesday Blitz July 25 Early 2023"]
[White "Chor, Kevin"]
[Black "Ramirez Vido, Robert Yorisan"]
[WhiteFideId "2090740"]
[BlackFideId "3513823"]
[WhiteElo "2509"]
[BlackElo "2384"]
[Result "1-0"]
[Round "9"]
[TimeControl "180+2"]
[Date "2023.07.25"]
[WhiteClock "0:00:20"]
[BlackClock "0:00:00"]
[Board "129"]

1. e4 d6 2. d4 Nf6 3. Nc3 g6 4. f4 Bg7 5. Nf3 c5 6. dxc5 Qa5 7. Bd2 Qxc5 8. Qe2 O-O 9. O-O-O Nc6 10. Kb1 Bg4 11. Be3 Qa5 12. h3 Be6 13. a3 Nh5 14. Qd2 Bxc3 15. Qxc3 Qxc3 16. bxc3 Ng3 17. Rg1 Nxe4 18. Kb2 Na5 19. Rd4 f5 20. Bd3 Nc6 21. Bxe4 fxe4 22. Rxe4 Bd5 23. Ra4 b5 24. Ra6 Rfc8 25. Rd1 Bc4 26. Nd2 Bd5 27. Nf3 Bc4 28. Nd2 Bd5 29. g4 Bg2 30. h4 Bh3 31. Rg1 h5 32. gxh5 Bf5 33. Nb3 Kf7 34. hxg6+ Bxg6 35. Nd4 Nxd4 36. Bxd4 b4 37. axb4 1-0


[Site "https://www.chess.com"]

[Event "Titled Tuesday Blitz July 25 Early 2023"]
[White "Qiao, Cindy"]
[Black "Bilan, Danila"]
[WhiteFideId "2620243"]
[BlackFideId "24161918"]
[WhiteElo "2375"]
[BlackElo "2503"]
[Result "0-1"]
[Round "9"]
[TimeControl "180+2"]
[Date "2023.07.25"]
[WhiteClock "0:00:36"]
[BlackClock "0:00:07"]
[Board "130"]

1. d4 d5 2. Bf4 Nf6 3. e3 c5 4. Nf3 Nc6 5. Nbd2 Qb6 6. dxc5 Qxc5 7. a3 Bg4 8. b4 Qb6 9. h3 Bh5 10. c4 e6 11. Be2 Be7 12. O-O O-O 13. Re1 Rac8 14. Rc1 a5 15. c5 Qa7 16. b5 Nb8 17. b6 Qa8 18. Bc7 Ne8 19. Bxb8 Qxb8 20. Nb3 a4 21. Nbd4 Bxc5 22. Rb1 Qa8 23. Nc2 Nd6 24. Ne5 Bxe2 25. Qxe2 Ne4 26. Qd3 Rfd8 27. Rec1 Qa5 28. Nd4 Bxd4 29. Qxd4 Nc3 30. Kh2 Nxb1 31. Rxb1 Qc3 32. Qf4 f6 33. Nf3 Rc4 34. Qg3 Qxa3 35. Rd1 Qd6 36. Nd4 Qxg3+ 37. Kxg3 Rd6 38. Rb1 e5 39. Nf5 Rd7 40. Nh4 Kf7 41. Nf3 Ke6 42. Nd2 Rc2 43. Nf3 a3 44. Rb3 a2 45. Ra3 Rd6 46. Ne1 Rd2 47. Nf3 Rb2 48. Ne1 Rdxb6 49. Nd3 Rd2 50. Nc5+ Kd6 51. Na4 Ra6 52. f4 b5 53. Nc3 Rxa3 0-1


[Site "https://www.chess.com"]

[Event "Titled Tuesday Blitz July 25 Early 2023"]
[White "Gulamali, Kazim"]
[Black "Ncatt"]
[WhiteFideId "2024764"]
[WhiteElo "2480"]
[BlackElo "2336"]
[Result "1-0"]
[Round "9"]
[TimeControl "180+2"]
[Date "2023.07.25"]
[WhiteClock "0:00:15"]
[BlackClock "0:01:45"]
[Board "131"]

1. e4 c5 2. Nf3 Nc6 3. d4 cxd4 4. Nxd4 Nf6 5. Nc3 e6 6. a3 Be7 7. f4 d6 8. Be2 O-O 9. Be3 a6 10. O-O Qc7 11. Qe1 Nxd4 12. Bxd4 e5 13. Be3 b5 14. Qg3 Bb7 15. fxe5 dxe5 16. Bh6 Qb6+ 17. Be3 Qe6 18. Bf3 Rad8 19. Rad1 Rxd1 20. Rxd1 Rd8 21. Qe1 h6 22. Rd2 Rxd2 23. Qxd2 Qc4 24. Qd3 Qc7 25. Nd5 Nxd5 26. exd5 Bc5 27. c3 Bxe3+ 28. Qxe3 Qd6 29. Qd3 g6 30. g4 Kg7 31. Kf1 Bc8 32. c4 f5 33. gxf5 gxf5 34. b4 bxc4 35. Qxc4 Bd7 36. Qc5 Bb5+ 37. Kf2 Qf6 38. Qc7+ Kg6 39. Qb8 Qh4+ 40. Kg2 e4 41. Qg8+ Kf6 42. Qd8+ Ke5 43. Qxh4 exf3+ 44. Kxf3 Bc4 45. d6 Bd5+ 46. Ke3 Kxd6 47. Kd4 Ke6 48. Qxh6+ Kd7 49. Kxd5 f4 50. Qxa6 f3 51. Qf1 f2 52. Qxf2 1-0


[Site "https://www.chess.com"]

[Event "Titled Tuesday Blitz July 25 Early 2023"]
[White "Kirillov, Dmitry"]
[Black "Yashmetov, Mikhail"]
[WhiteFideId "34180572"]
[BlackFideId "24198900"]
[WhiteElo "2470"]
[BlackElo "2415"]
[Result "0-1"]
[Round "9"]
[TimeControl "180+2"]
[Date "2023.07.25"]
[WhiteClock "0:00:04"]
[BlackClock "0:00:10"]
[Board "132"]

1. Nf3 Nf6 2. e3 g6 3. b4 Bg7 4. Bb2 O-O 5. c4 c6 6. d4 d5 7. cxd5 cxd5 8. b5 Nbd7 9. a4 Ne4 10. Nbd2 Ndf6 11. Be2 Bf5 12. O-O Rc8 13. Nxe4 Nxe4 14. Qb3 Bg4 15. Rfc1 Qd7 16. Ba3 Bf6 17. a5 Qf5 18. h3 Bxf3 19. Bxf3 Nd2 20. Qd1 Nxf3+ 21. Qxf3 Qxf3 22. gxf3 Rfd8 23. Bc5 a6 24. f4 Kf8 25. Rab1 Rb8 26. Rb3 axb5 27. Rxb5 Ra8 28. Bb4 Rd7 29. Kg2 Ke8 30. Kf3 Kd8 31. Bc5 Ke8 32. Rcb1 h5 33. R1b3 Bh4 34. Rc3 e6 35. Rcb3 Be7 36. Rxb7 Rxb7 37. Rxb7 Bxc5 38. dxc5 Rxa5 39. c6 Rc5 40. c7 f5 41. Rb8+ Kd7 42. Rg8 Rxc7 43. Rxg6 Rc3 44. Rh6 d4 45. Rxh5 d3 46. Rg5 Rc1 47. Rg7+ Ke8 48. Rg8+ Ke7 49. Rg7+ Kd6 50. Rg8 Kc7 51. Rg7+ Kc6 52. Rg8 d2 53. Rd8 d1=Q+ 54. Rxd1 Rxd1 55. h4 Rh1 56. Kg3 Kd5 57. f3 Kc4 58. e4 Kd4 59. e5 Kd5 60. Kg2 Rxh4 61. Kg3 Rh8 0-1


[Site "https://www.chess.com"]